 Dungeon Crawl Stone Soup version 0.19-a0-1091-g463c9de (webtiles) character file.

19 FrankyJ the Sneak (level 2, 0/15 HPs)
             Began as a Kobold Fire Elementalist on Aug 7, 2016.
             Slain by a hobgoblin
             ... wielding a +0 club
              (3 damage)
             ... on level 1 of the Dungeon.
             The game lasted 00:04:45 (496 turns).

FrankyJ the Sneak (Kobold Fire Elementalist)         Turns: 496, Time: 00:04:46

Health: 0/15       AC:  3    Str:  6    XL:     2   Next: 95%
Magic:  5/5        EV: 16    Int: 13    God:
Gold:   44         SH:  0    Dex: 16    Spells: 1 memorised, 4 levels left

rFire  . . .     SeeInvis .     k - -1 dagger (curse)
rCold  . . .     Gourm    .     a - +1 robe
rNeg   . . .     Faith    .     (shield restricted)
rPois  .         Spirit   .     (no helmet)
rElec  .         Dismiss  .     (no cloak)
rCorr  .         Reflect  .     (no gloves)
SustAt .         Harm     .     (no boots)
MR     .....                    (no amulet)
Stlth  +++.......               (no ring)
                                (no ring)

@:
A: carnivore 3
a: no special abilities


You were on level 1 of the Dungeon.
You were completely stuffed.

You visited 1 branch of the dungeon, and saw 1 of its levels.

You collected 44 gold pieces.

Inventory:

Hand Weapons
 k - a cursed -1 dagger (weapon)
 l - a +0 dagger
 o - a +0 dagger of draining
Armour
 a - a +1 robe (worn)
 j - a cursed +0 pair of boots
Jewellery
 g - an uncursed amulet of guardian spirit {unknown}
Scrolls
 e - a scroll of enchant armour
 f - 2 scrolls of enchant weapon {unknown}
 h - 3 scrolls of fog {unknown}
 i - a scroll of fear {unknown}
 q - a scroll of teleportation {unknown}
Potions
 m - 2 potions of haste {unknown}
 n - a potion of heal wounds {unknown}
Books
 b - a book of Flames

   Spells                             Type                      Level
   a - Flame Tongue                   Conjuration/Fire             1
   b - Throw Flame                    Conjuration/Fire             2
   c - Conjure Flame                  Conjuration/Fire             3
   d - Inner Flame                    Hexes/Fire                   3
   e - Sticky Flame                   Conjuration/Fire             4
   f - Fireball                       Conjuration/Fire             5
Comestibles
 c - a meat ration
 p - 2 chunks of flesh


   Skills:
 - Level 0.2 Fighting
 * Level 2.9 Dodging
 * Level 3.4 Stealth
 - Level 2.0 Spellcasting
 + Level 1.3 Conjurations
 - Level 3.0 Fire Magic


You had 4 spell levels left.
You knew the following spells:

 Your Spells              Type           Power        Failure   Level  Hunger
a - Flame Tongue          Conj/Fire      #....        12%         1    ##.....


Dungeon Overview and Level Annotations

Branches:
Dungeon (1/15)

Altars:


Innate Abilities, Weirdness & Mutations

You are small and have problems with some larger weapons.
You are carnivorous and can eat meat at any time.


Message History

As you read the scroll labeled ZATHRY TE VULE, it crumbles to dust.
It is a scroll of enchant armour.
Your +0 robe glows green for a moment.
The hobgoblin throws a stone.
The stone barely misses you.
The hobgoblin throws a stone.
The stone misses you.
You see here a stone.
You start resting.
The hobgoblin misses you.
You hit the hobgoblin but do no damage. The hobgoblin completely misses you.
You hit the hobgoblin.
The hobgoblin is lightly wounded.
The hobgoblin hits you with a club.
* * * LOW HITPOINT WARNING * * *
You hit the hobgoblin.
The hobgoblin is moderately wounded.
The hobgoblin completely misses you.
You hit the hobgoblin.
The hobgoblin is heavily wounded.
The hobgoblin hits you with a club.
You die...

#..........#.#..
#..........#.#..
##........>.....#
#............#..#
#.##.#####......#
##.#..####....#..#
#....##.....##..##
#.#...g.g....#.###
##@##(##....#.#.###
#####..g..((†..........
#......#####.......#...
####...#####...........
#.#.#...............
#########.#.#.....#.#.#.#.#.
#...............###...#.#.#.
#..............####...#.#.#.
#..[...(....................


You could see a hobgoblin.

Vanquished Creatures
  2 dart slugs (D:1)
  A giant gecko (D:1)
  4 goblins (D:1)
  A kobold (D:1)
  3 bats (D:1)
  3 rats (D:1)
14 creatures vanquished.

Notes
Turn   | Place    | Note
-------+----------+-------------------------------------------
     0 | D:1      | FrankyJ the Kobold Fire Elementalist began the quest for the Orb.
     0 | D:1      | Reached XP level 1. HP: 10/10 MP: 3/3
   127 | D:1      | Reached skill level 1 in Conjurations
   225 | D:1      | Reached XP level 2. HP: 11/15 MP: 5/5
   496 | D:1      | Slain by a hobgoblin

Vault maps used:
D:1:      minmay_arrival_plants_in_alcoves

Skill      XL: |  1 |
---------------+----+-----
Conjurations   | 1 |  1.3
Stealth        | 3 |  3.4
Fighting       | |  0.2
Dodging        | |  2.9
Spellcasting   | |  2.0
Fire Magic     | |  3.0

Action                   || total
-------------------------++-------
Melee: Dagger            ||    57
       Unarmed           ||    10
       Spear             ||     1
 Cast: Flame Tongue      ||     7
  Use: Scroll            ||     2
 Stab: Sleeping          ||     5
  Eat: Chunk             ||     7
Armor: Robe              ||    15
Dodge: Dodged            ||    94
